 Dungeon Crawl Stone Soup version 0.24.0-37-gcf1ca852f1 (webtiles) character file.

Game seed: 18090849441459096977, levelgen mode: deterministic

144 Goreval the Cutter (level 5, -2/32 HPs)
             Began as a Deep Elf Abyssal Knight on Dec 6, 2019.
             Was a Believer of Lugonu.
             Slain by a goblin
             ... wielding a +1 dagger of protection
             ... led by Robin
              (4 damage)
             ... on level 3 of the Dungeon.
             The game lasted 00:07:52 (3795 turns).

Goreval the Cutter (Deep Elf Abyssal Knight)        Turns: 3795, Time: 00:07:52

Health: -2/32      AC:  0    Str: 10    XL:     5   Next: 5%
Magic:  9/9        EV: 22    Int: 17    God:    Lugonu [**....]
Gold:   156        SH:  0    Dex: 19    Spells: 4/4 levels left

rFire    . . .     SeeInvis .   (weapon currently unavailable)
rCold    . . .     Gourm    .   (shield currently unavailable)
rNeg     . . .     Faith    .   (armour currently unavailable)
rPois    .         Spirit   .   (helmet currently unavailable)
rElec    .         Reflect  .   (cloak currently unavailable)
rCorr    .         Harm     .   (gloves currently unavailable)
MR       .....                  (boots currently unavailable)
Stlth    ++........             (no amulet)
HPRegen  0.10/turn              (ring currently unavailable)
MPRegen  0.11/turn              (ring currently unavailable)

@: bat-form, flying, very quick
A: tiny
a: Depart the Abyss, Bend Space, Renounce Religion


You were on level 3 of the Dungeon.
You worshipped Lugonu.
Lugonu was pleased with you.
You were not hungry.
You were in bat-form.
You visited 1 branch of the dungeon, and saw 3 of its levels.
You visited the Abyss 1 time.

You collected 156 gold pieces.

Inventory:

Hand Weapons
 a - a +1 short sword (melded)
Missiles
 p - 23 stones (quivered)
Armour
 i - a cursed +0 leather armour (melded)
 q - a +0 helmet (melded)
 r - a +0 robe of positive energy
 s - a +1 leather armour of fire resistance
Jewellery
 f - an uncursed ring of ice
 n - a +3 ring of strength (melded)
Scrolls
 d - a scroll of fog {unknown}
 h - 4 scrolls of teleportation {unknown}
 j - a scroll of remove curse {unknown}
 k - a scroll of enchant armour {unknown}
 m - 2 scrolls of identify {unknown}
 o - a scroll of magic mapping {unknown}
Potions
 b - a potion of ambrosia {unknown}
 e - 3 potions of lignification {unknown}
 g - 2 potions of haste {unknown}
 l - a potion of curing {unknown}
Comestibles
 c - 6 rations
 t - 7 chunks of flesh


   Skills:
 + Level 3.0 Fighting
 * Level 3.6 Short Blades
 - Level 0.7 Armour
 + Level 3.5 Dodging
 + Level 3.0 Invocations


You had 4 spell levels left.
You didn't know any spells.
Your spell library was empty.

Dungeon Overview and Level Annotations

Branches:
Dungeon (3/15)

Altars:
Gozag

Annotations:
D:3 3 runed translucent doors, Robin; Slyspawn's ghost, amateur DrBe


Message History

You hit the goblin but do no damage. The goblin barely misses you.
You hit the goblin but do no damage. You hit the goblin but do no damage.
The goblin completely misses you.
Robin says, "My army is invincible!"
You hit the goblin but do no damage. The goblin completely misses you.
Robin closely misses you.
You hit the goblin but do no damage. The goblin misses you.
Robin zaps a wand.
You resist with some effort.
You hit the goblin. The goblin completely misses you.
Robin zaps a wand.
You resist with some effort.
You closely miss the goblin.
The goblin hits you with a +1 dagger of protection.
* * * LOW HITPOINT WARNING * * *
You hit the goblin but do no damage.
The goblin no longer looks unusually strong.
Robin misses you.
The goblin hits you with a +1 dagger of protection.
You die...

#..######...##### #...####...#
#..)......########..#####..g.##
#.>)......................##.##
#.######.#####.....#####.......
#.# ##..####.######..g..g....
#.#####........# ##..######...
#.##....#).##### #..## #...
#...รท#####.########.## #.#.
###### #...gbgg...# ####
#######....# #....# #....#
######


You could see Robin and 2 goblins.

Vanquished Creatures
  An orc wizard (D:3)
  2 adders
  2 oozes (D:1)
  A worm (D:3)
  A dart slug (D:1)
  3 leopard geckos
  12 orcs
  2 giant cockroaches
  10 goblins
  7 hobgoblins
  A quokka (D:2)
  10 bats
  3 frilled lizards
  3 kobolds
  9 rats
67 creatures vanquished.

Notes
Turn   | Place    | Note
-------+----------+-------------------------------------------
     0 | Abyss:1  | Goreval the Deep Elf Abyssal Knight began the quest for the
                  | Orb.
     0 | Abyss:1  | Reached XP level 1. HP: 13/13 MP: 4/4
    23 | D:1      | Escaped the Abyss
   571 | D:1      | Reached XP level 2. HP: 14/18 MP: 5/5
  1181 | D:2      | Reached XP level 3. HP: 22/22 MP: 6/6
  1377 | D:2      | Reached ** piety under Lugonu
  2537 | D:3      | Reached XP level 4. HP: 23/27 MP: 8/8
  2662 | D:3      | Found an opulent altar of Gozag.
  3113 | D:3      | Found a runed translucent gate.
  3114 | D:3      | Found a runed translucent gate.
  3121 | D:3      | Noticed Slyspawn's ghost (amateur DrBe)
  3124 | D:3      | Found a runed translucent gate.
  3719 | D:3      | Reached XP level 5. HP: 20/32 MP: 9/9
  3759 | D:3      | Noticed Robin
  3795 | D:3      | Slain by a goblin

Levels and vault maps discovered:
D:1:      tarquinn_simple_flora_water_d, layout_rooms, minmay_tromino_v2
D:2:      layout_loops_cross, hex_medium, hangedman_feature_mirror,
          minmay_misc_feat_tower
D:3:      layout_rooms, nicolae_gozag_cash_rules_everything_around_me,
          gammafunk_ghost_split, uniq_robin

Skill      XL: |  1  2  3  4 |
---------------+-------------+-----
Dodging        | 3 |  3.5
Short Blades   | 3 |  3.6
Fighting       | 3 |  3.0
Invocations    | 3 |  3.0
Armour         | |  0.7

Action                   |  1- 3 |  4- 6 || total
-------------------------+-------+-------++-------
Melee: Short sword       |   135 |   118 ||   253
       Unarmed           |       |    15 ||    15
 Stab: Sleeping          |       |     1 ||     1
  Eat: Chunk             |     5 |     4 ||     9
Armor: Leather armour    |    47 |    25 ||    72
Dodge: Dodged            |   107 |   113 ||   220
